 Dungeon Crawl Stone Soup version 0.30.1-11-g7821555f0a (webtiles) character file.

Game seed: 267825080395995311

178 eliilek the Covered (level 5, -7/47 HPs)
             Began as a Minotaur Fighter on Nov 4, 2023.
             Mangled by an iguana (11 damage)
             ... on level 3 of the Dungeon.
             The game lasted 00:05:03 (2352 turns).

eliilek the Covered (Minotaur Fighter)              Turns: 2352, Time: 00:05:05

Health: -7/47      AC: 11    Str: 23    XL:     5   Next: 32%
Magic:  4/4        EV:  8    Int:  5    God:
Gold:   164        SH:  4    Dex:  9    Spells: 4/4 levels left

rFire   . . .        a - +0 flail
rCold   . . .        c - +0 buckler
rNeg    . . .        t - +0 chain mail
rPois   .            (helmet restricted)
rElec   .            (no cloak)
rCorr   .            q - +0 pair of gloves
SInv    .            (no boots)
Will    .....        (no amulet) Stlth
                     (no ring)
HPRegen 0.27/turn    (no ring)
MPRegen 0.09/turn

%: no passive effects
@: no status effects
A: horns 2, retaliatory headbutt
a: no special abilities


You were on level 3 of the Dungeon.
You visited 1 branch of the dungeon, and saw 4 of its levels.

You collected 164 gold pieces.

Inventory:

Hand Weapons
 a - a +0 flail (weapon)
Missiles
 k - 10 poisoned darts (quivered)
Armour
 c - a +0 buckler (worn)
 q - a +0 pair of gloves (worn)
 t - a +0 chain mail (worn)
Wands
 l - a wand of mindburst (18)
Scrolls
 e - 7 scrolls of identify {unknown}
 f - a scroll of brand weapon {unknown}
 h - a scroll of noise {unknown}
 n - a scroll of enchant armour {unknown}
 r - a scroll of immolation {unknown}
 s - a scroll of teleportation {unknown}
Potions
 d - a potion of might
 g - 3 potions of mutation {unknown}
 i - 3 potions of resistance {unknown}
 j - a potion of magic {unknown}
 m - 2 potions of curing {unknown}
 o - a potion of brilliance {unknown}
 p - a potion of lignification {unknown}


   Skills:
 + Level 4.6 Fighting
 - Level 2.4 Maces & Flails
 * Level 5.4 Armour
 + Level 2.2 Dodging
 + Level 4.5 Shields


You had 4 spell levels left.
You didn't know any spells.
Your spell library contained the following spells:

 Spells                   Type           Power      Damage    Failure   Level
 Sting                    Tmut/Pois      0%         1d3       98%         1
 Blink                    Tloc           0%         N/A       99%         2
 Poisonous Vapours        Pois/Air       0%         N/A       99%         2
 Ozocubu's Armour         Ice            0%         N/A       100%        3
 Summon Guardian Golem    Hex/Summ       0%         N/A       100%        3
 Manifold Assault         Tloc           0%         N/A       100%        4
 Olgreb's Toxic Radiance  Pois           0%         N/A       100%        4
 Metabolic Englaciation   Hex/Ice        0%         N/A       100%        5
 Simulacrum               Ice/Necr       0%         N/A       100%        6
 Orb of Destruction       Conj           0%         9d5       100%        7
 Spellforged Servitor     Conj/Summ      0%         N/A       100%        7
 Storm Form               Tmut/Air       0%         N/A       100%        7


Dungeon Overview and Level Annotations

Branches:
Dungeon (4/15)
 Temple: D:4-7

Altars:
Hepliaklqana


Innate Abilities, Weirdness & Mutations

You have a pair of horns on your head.
You reflexively headbutt those who attack you in melee.


Message History

There is an entrance to a sewer on this level.
Hurry and find it before the portal rusts away!
The orc shouts! x4; The iguana hisses angrily.
Found a scroll labelled ZAMUOKK CEOKH.
There is a stone staircase leading up here.
Okay, then.
You sock the orc!
You kill the orc!
The orc hits you but does no damage.
You sock the orc!
You kill the orc!
The orc barely misses you. The iguana bites you!
You barely miss the orc. The orc hits you but does no damage.
The orc hits you with a +0 short sword. The iguana bites you.
A dart slug comes into view.
You block the adder's attack. The orc hits you but does no damage.
The orc closely misses you. The iguana bites you. You block the adder's attack.
The orc barely misses you. The orc hits you with a +0 short sword.
You block the iguana's attack.
You climb upwards.
There is a stone staircase leading down here.
You miss the adder. You block the adder's attack. The iguana bites you!
* * * LOW HITPOINT WARNING * * *
The orc hits you but does no damage. The adder bites you but does no damage.
You barely miss the adder. Your headbutt misses the adder.
You block the adder's attack.
The iguana bites you but does no damage.
The orc hits you but does no damage.
Unknown command.
You barely miss the adder. Your headbutt misses the adder.
You block the adder's attack. The iguana bites you.
* * * LOW HITPOINT WARNING * * *
You block the orc's attack. The adder bites you but does no damage.
You sock the adder! Your headbutt misses the adder.
The adder is almost dead.
You block the adder's attack. The iguana bites you.
* * * LOW HITPOINT WARNING * * *
The orc hits you but does no damage. The adder bites you.
* * * LOW HITPOINT WARNING * * *
The iguana bites you!
You die...

### #...#.#.##.......#.#
##.# ###.#.#.#..#####.#.#
...# #.#......#####.#.#
##.#####.....#........#.#
..........#..#...######.#
##.#####.##..#...######.#
#.#..................#.#
##.#.####.#....#So###.#.###
.........)......@l# #.#...#
#....####.#....#†## #.##.##
.....##........#..# #.##[#
.....##.#.#....#..# #.##.##
.###.##.#.#.......# #.....#
.# #.##.#.#.##.#..# #######
.###.##.#.#.......#
........#.####.#.##
###.#####.# #.#.#


You could see an iguana, an adder and an orc.

Vanquished Creatures
  2 iguanas
  3 adders
  3 dart slugs
  6 orcs
  11 endoplasms
  A giant cockroach (D:3)
  7 goblins
  6 hobgoblins
  3 jackals (D:1)
  5 kobolds
  5 quokkas
  6 ball pythons
  8 bats
  4 frilled lizards
  12 rats
82 creatures vanquished.

Notes
Turn   | Place    | Note
-------+----------+-------------------------------------------
     0 | D:1      | eliilek the Minotaur Fighter began the quest for the Orb.
     0 | D:1      | Reached XP level 1. HP: 19/19 MP: 0/0
    70 | D:1      | Reached XP level 2. HP: 20/27 MP: 1/1
   144 | D:1      | Reached skill level 4 in Armour
   269 | D:1      | Reached skill level 1 in Dodging
   472 | D:1      | Found a faded altar of an unknown god.
   484 | D:1      | Reached XP level 3. HP: 32/33 MP: 2/2
   915 | D:2      | Found a hazy altar of Hepliaklqana.
  1079 | D:2      | Reached XP level 4. HP: 40/40 MP: 3/3
  1638 | D:3      | Reached skill level 5 in Armour
  1734 | D:3      | Reached XP level 5. HP: 45/47 MP: 4/4
  2352 | D:3      | Mangled by an iguana

Illustrated notes

Levels and vault maps discovered:
D:1:      dpeg_arrival_stonehenge_8_columns, layout_basic,
          ebering_ecumenical_altar_box
D:2:      layout_basic, basic_altar
D:3:      layout_basic
D:4:      layout_loops_ring, gup_sewer_entry_bowl

Skill      XL: |  1  2  3  4 |
---------------+-------------+-----
Armour         | 4 5 |  5.4
Dodging        | 1 2 |  2.2
Shields        | 4 |  4.5
Fighting       | 4 |  4.6
Maces & Flails | |  2.4

Action                     |  1- 3 |  4- 6 || total
---------------------------+-------+-------++-------
  Melee: Flail             |   124 |    66 ||   190
         Headbutt          |    19 |    11 ||    30
 Armour: Scale mail        |    61 |    32 ||    93
         Chain mail        |       |     9 ||     9
  Dodge: Dodged            |    46 |    40 ||    86
  Block: Buckler           |    24 |    18 ||    42
